 Dungeon Crawl Stone Soup version 0.21.1-1-g345015f (webtiles) character file.

5502 wojtek the Cleaver (level 10, -8/86 HPs)
             Began as a Minotaur Fighter on July 29, 2018.
             Was a Priest of Makhleb.
             Mangled by a two-headed ogre
             ... wielding a cursed -1 giant club
              (24 damage)
             ... on level 7 of the Dungeon.
             The game lasted 00:10:23 (8117 turns).

wojtek the Cleaver (Minotaur Fighter)               Turns: 8117, Time: 00:10:24

Health: -8/86      AC: 14    Str: 25    XL:     10   Next: 42%
Magic:  14/14      EV:  7    Int:  5    God:    Makhleb [***...]
Gold:   425        SH: 10    Dex:  9    Spells: 9/9 levels left

rFire    . . .     SeeInvis .   a - +0 war axe
rCold    . . .     Gourm    +   c - +0 shield
rNeg     . . .     Faith    .   J - +0 plate armour
rPois    .         Spirit   .   (helmet restricted)
rElec    .         Reflect  .   (no cloak)
rCorr    .         Harm     .   (no gloves)
MR       .....                  e - +0 pair of boots
Stlth    ..........             v - amulet of the gourmand
HPRegen  0.24/turn              (no ring)
MPRegen  0.14/turn              H - ring of stealth

@: drained
A: retaliatory headbutt, horns 2
a: Minor Destruction, Lesser Servant of Makhleb, Renounce Religion


You were on level 7 of the Dungeon.
You worshipped Makhleb.
Makhleb was most pleased with you.
You were very full.

You visited 1 branch of the dungeon, and saw 8 of its levels.
You also visited: Ossuary.

You collected 425 gold pieces.

Inventory:

Hand Weapons
 a - a +0 war axe (weapon)
 G - a +2 battleaxe
Armour
 c - a +0 shield (worn)
 e - a +0 pair of boots (worn)
 J - a +0 plate armour (worn)
Jewellery
 v - an amulet of the gourmand (around neck)
 H - a ring of stealth (right hand)
Wands
 b - a wand of paralysis (14)
 q - a wand of iceblast (3)
 r - a wand of flame (28)
 y - a wand of enslavement (12)
Scrolls
 h - 2 scrolls of remove curse
 j - 5 scrolls of teleportation
 o - 5 scrolls of magic mapping
 p - 5 scrolls of identify
 u - 2 scrolls of blinking {unknown}
 w - a scroll of amnesia {unknown}
 z - a scroll of vulnerability {unknown}
 B - 2 scrolls of enchant armour {unknown}
 C - 2 scrolls of fog {unknown}
 D - 2 scrolls of fear {unknown}
Potions
 d - 4 potions of might
 g - 3 potions of ambrosia {unknown}
 i - a potion of cancellation {unknown}
 k - a potion of brilliance
 l - 2 potions of flight {unknown}
 m - 2 potions of heal wounds
 n - 2 potions of haste {unknown}
 t - 8 potions of curing {unknown}
 x - 3 potions of lignification {unknown}
 A - a potion of agility {unknown}
Books
 s - a book of Battle

   Spells                             Type                      Level
   a - Infusion                       Charms                       1
   b - Shroud of Golubria             Charms/Translocation         2
   c - Song of Slaying                Charms                       2
   d - Spectral Weapon                Hexes/Charms                 3
   e - Regeneration                   Charms/Necromancy            3
Miscellaneous
 F - a fan of gales
Comestibles
 f - 15 rations
 I - 3 chunks of flesh


   Skills:
 + Level 7.2(6.5) Fighting
 + Level 9.2(8.4) Axes
 + Level 7.3(6.5) Armour
 + Level 5.3(4.6) Dodging
 + Level 7.3(6.5) Shields
 * Level 7.3(6.5) Invocations
 + Level 4.5(3.8) Evocations


You had 9 spell levels left.
You didn't know any spells.

Dungeon Overview and Level Annotations

Branches:
Dungeon (8/15)             Temple (0/1) D:7
   Lair: D:8-11

Altars:
Ashenzari
Cheibriados
Dithmenos
Elyvilon
Hepliaklqana
Makhleb
Nemelex Xobeh
Ru
Sif Muna
Zin

Shops:
D:7 *


Innate Abilities, Weirdness & Mutations

You reflexively headbutt those who attack you in melee.
You have a pair of horns on your head.


Message History

The two-headed ogre is moderately wounded.
You barely miss the two-headed ogre.
The two-headed ogre hits you with a giant club!!
The two-headed ogre hits you with a giant club.
The two-headed ogre hits you with a giant spiked club!
The two-headed ogre hits you with a giant club!
* * * LOW HITPOINT WARNING * * *
The worker ant waves its antennae.
There is a stone staircase leading up here.
The two-headed ogre hits you with a giant club!
* * * LOW HITPOINT WARNING * * *
The two-headed ogre barely misses you.
You climb upwards.
There is a stone staircase leading down here.
There is a stone staircase leading up here.
You block the two-headed ogre's attack.
The two-headed ogre hits you but does no damage.
The two-headed ogre hits you but does no damage.
The two-headed ogre hits you with a giant club!!
You die...

#.##..........# ###.....#
#.##..........# ##....#
#......###....# ##...## #.....##
##...# #....# #....## ##..#
##...# #....# #..# ##..## #."..#
#..# #...## #...## #..# ##...#
#...# #.@# ##..## #...# #.O#
##..# #...# #..##############..
#..## ##..##.............. ####
##...................
##......>.............
##...............>..... ####
##......................
#..######.......................


You could see a two-headed ogre.

Vanquished Creatures
  2 two-headed ogres
  Pikel (D:4)
  Grinder (D:4)
  A hippogriff (D:7)
  The ghost of Labyrinth the Firebug, an amateur DrFE of Vehumet (D:4)
  A slave (D:4)
  2 orc warriors
  2 black bears
  2 ice beasts
  8 ogres
  2 centaurs
  A big kobold (D:7)
  2 elf zombies (Ossuary)
  5 bullfrogs
  11 wights
  A howler monkey (D:6)
  4 crimson imps
  3 hounds
  2 jellies
  A bullfrog skeleton (D:7)
  An orc priest (D:3)
  4 orc wizards
  Ijyb (D:4)
  2 human zombies (Ossuary)
  3 worker ants
  A hound zombie (D:5)
  A hound skeleton (D:7)
  4 mummies (Ossuary)
  A howler monkey zombie (D:5)
  A worker ant zombie (D:7)
  10 adders
  3 shadow imps (D:7)
  An ooze (D:1)
  2 adder zombies
  3 worms
  3 dart slugs
  6 leopard geckos
  23 orcs
  9 bats
  2 giant cockroaches
  5 goblins
  8 hobgoblins
  5 jackals
  5 quokkas
  7 frilled lizards
  2 goblin zombies (Ossuary)
  2 jackal zombies (Ossuary)
  12 kobolds
  2 quokka skeletons
  A quokka zombie (D:6)
  5 rats
  3 rat zombies (Ossuary)
191 creatures vanquished.

Notes
Turn   | Place    | Note
-------+----------+-------------------------------------------
     0 | D:1      | wojtek the Minotaur Fighter began the quest for the Orb.
     0 | D:1      | Reached XP level 1. HP: 19/19 MP: 0/0
   115 | D:1      | Reached skill level 3 in Axes
   175 | D:1      | Reached XP level 2. HP: 26/26 MP: 1/1
   453 | D:1      | Reached skill level 4 in Axes
   755 | D:2      | Reached XP level 3. HP: 30/31 MP: 2/2
  1012 | D:2      | Reached skill level 5 in Axes
  1262 | D:2      | Found a shadowy altar of Dithmenos.
  1566 | D:2      | HP: 1/31 [poisoned by an adder]
  1571 | D:2      | Reached XP level 4. HP: 25/39 MP: 3/3
  1779 | D:3      | Found a white marble altar of Elyvilon.
  1815 | D:3      | Reached skill level 6 in Axes
  1830 | D:3      | Reached XP level 5. HP: 26/45 MP: 4/4
  2097 | D:3      | Found a sparkling altar of Nemelex Xobeh.
  2283 | D:3      | Found a shattered altar of Ashenzari.
  2508 | D:3      | Found a burning altar of Makhleb.
  2537 | D:3      | Became a worshipper of Makhleb the Destroyer
  2861 | D:4      | Noticed Labyrinth's ghost (amateur DrFE)
  2875 | D:4      | Killed Labyrinth's ghost
  2875 | D:4      | Reached skill level 7 in Axes
  2875 | D:4      | Reached skill level 1 in Invocations
  2875 | D:4      | Reached XP level 6. HP: 14/52 MP: 4/6
  3141 | D:4      | Found a hazy altar of Hepliaklqana.
  3197 | D:4      | Noticed Ijyb
  3209 | D:4      | Killed Ijyb
  3209 | D:4      | Reached skill level 1 in Dodging
  3383 | D:4      | Noticed Grinder
  3386 | D:4      | Paralysed by Grinder for 7 turns
  3393 | D:4      | Reached skill level 1 in Evocations
  3688 | D:4      | Killed Grinder
  3688 | D:4      | Reached XP level 7. HP: 33/60 MP: 7/7
  3753 | D:4      | Found a glowing silver altar of Zin.
  3806 | D:4      | Noticed Pikel
  3820 | D:4      | Killed Pikel
  3820 | D:4      | Reached XP level 8. HP: 56/67 MP: 7/9
  3861 | D:4      | Reached skill level 5 in Armour
  3861 | D:4      | Reached skill level 5 in Shields
  4013 | D:5      | Entered Level 5 of the Dungeon
  4104 | D:5      | Reached skill level 5 in Fighting
  4241 | D:5      | Reached * piety under Makhleb
  4247 | D:5      | Found a snail-covered altar of Cheibriados.
  4890 | D:6      | Reached skill level 8 in Axes
  5158 | D:6      | Found a deep blue altar of Sif Muna.
  5165 | D:6      | Reached skill level 5 in Invocations
  5218 | D:6      | Reached XP level 9. HP: 71/75 MP: 11/11
  5272 | D:6      | Noticed a two-headed ogre
  5914 | D:7      | Found a staircase to the Ecumenical Temple.
  5969 | D:6      | Killed a two-headed ogre
  6429 | D:7      | Found a sacrificial altar of Ru.
  6508 | D:7      | Found Gisaibeic's Assorted Antiques.
  6639 | D:7      | Reached ** piety under Makhleb
  6919 | D:7      | Reached XP level 10. HP: 84/84 MP: 13/13
  7102 | D:8      | Found a sand-covered staircase.
  7112 | Ossuary  | Entered an ossuary
  7479 | D:8      | Reached skill level 9 in Axes
  7490 | D:8      | Reached skill level 5 in Dodging
  7729 | D:8      | Reached *** piety under Makhleb
  7983 | D:8      | Noticed a two-headed ogre
  7989 | D:8      | Killed a two-headed ogre
  8078 | D:8      | Noticed a two-headed ogre
  8078 | D:8      | Noticed a two-headed ogre
  8117 | D:7      | Mangled by a two-headed ogre

Skill      XL: |  1  2  3  4  5  6  7  8  9 10 |
---------------+-------------------------------+-----
Axes           | 3 4 5 6 7 8 9 |  9.2
Invocations    | 1 2 3 5 6 7 |  7.3
Shields        | 4 5 6 7 |  7.3
Armour         | 4 5 6 7 |  7.3
Dodging        | 1 2 3 4 5 |  5.3
Fighting       | 4 5 6 7 |  7.2
Evocations     | 1 2 3 4 |  4.5

Action                   |  1- 3 |  4- 6 |  7- 9 | 10-12 || total
-------------------------+-------+-------+-------+-------++-------
Melee: War axe           |    81 |   118 |   255 |   163 ||   617
       Headbutt          |    10 |    20 |    37 |    34 ||   101
Evoke: Wand              |       |     3 |     1 |       ||     4
  Use: Potion            |     2 |       |       |       ||     2
       Scroll            |       |       |     1 |     3 ||     4
  Eat: Chunk             |     2 |     6 |    23 |     4 ||    35
Armor: Scale mail        |    42 |    57 |    40 |       ||   139
       Chain mail        |       |       |    72 |    60 ||   132
       Plate armour      |       |       |       |     9 ||     9
Dodge: Dodged            |    35 |    32 |    85 |    49 ||   201
Block: Shield            |    44 |    69 |   134 |    96 ||   343
